 Dungeon Crawl Stone Soup version 0.29.1-15-g9cfb28693d (webtiles) character file.

Game seed: 2690967447393450307

20559 LustLizard the Slicer (level 13, 0/82 HPs)
             Began as a Kobold Brigand on Mar 31, 2023.
             Was a Follower of Uskayaw.
             Slain by a killer bee (4 damage)
             ... on level 13 of the Dungeon.
             The game lasted 00:32:48 (18284 turns).

LustLizard the Slicer (Kobold Brigand)             Turns: 18284, Time: 00:32:48

Health: 0/82       AC: 32    Str:  9    XL:     13   Next: 13%
Magic:  15/22      EV: 13    Int: 13    God:    Uskayaw [*.....]
Gold:   176        SH:  0    Dex: 20    Spells: 12/12 levels left

rFire   . . .      SeeInvis .   y - +4 short sword (flame)
rCold   . . .      Faith    +   (no shield)
rNeg    . . .      Spirit   .   U - +18 Lear's hauberk
rPois   .          Reflect  .   (helmet currently unavailable)
rElec   .          Harm     .   Y - +1 cloak
rCorr   .          Rampage  .   (gloves currently unavailable)
Will    .....                   (boots currently unavailable)
Stlth   ++........              C - amulet of faith
HPRegen 0.23/turn               Z - ring "Misaser" {+Blink AC+4}
MPRegen 0.18/turn               K - +4 ring of evasion

@: about to teleport
A: small, no large weapons, nightstalker 3
a: Renounce Religion, Evoke Blink, Stomp


You were on level 13 of the Dungeon.
You worshipped Uskayaw.
Uskayaw was pleased with you.
You visited 2 branches of the dungeon, and saw 14 of its levels.
You also visited: Bailey.

You collected 826 gold pieces.
You spent 650 gold pieces at shops.

Inventory:

Hand Weapons
 k - a +2 rapier of flaming
 y - a +4 short sword of flaming (weapon)
 F - a +2 short sword of venom
Missiles
 d - 36 poisoned darts (quivered)
 e - 2 curare-tipped darts
 o - 97 stones
 T - 6 boomerangs
 X - 4 atropa-tipped darts
Armour
 i - a +0 robe of fire resistance
 n - a +1 hat of willpower
 t - a +0 leather armour of fire resistance
 v - the +1 Delatra's gloves {ID++}
   (You found it on level 3 of the Dungeon)

   It heals its wearer when they drink unknown potions.
   It restores its wearer's MP when they read unknown scrolls.
 z - a +0 helmet
 I - +0 steam dragon scales
 U - the +18 Lear's hauberk (worn)
   (You found it on level 9 of the Dungeon)
 Y - a +1 cloak (worn)
Jewellery
 b - a +6 ring of dexterity
 A - a ring of willpower
 C - an amulet of faith (around neck)
 K - a +4 ring of evasion (right hand)
 S - an amulet of the acrobat
 Z - the ring "Misaser" (left hand) {+Blink AC+4}
   (You bought it in a shop on level 7 of the Dungeon)

   [ring of protection]

   AC:        It affects your AC (+4).
   +Blink:    It lets you blink.
Wands
 G - a wand of mindburst (10)
 M - a wand of polymorph (6)
 O - a wand of roots (9)
 R - a wand of charming (8)
Scrolls
 a - a scroll of noise {unknown}
 c - 2 scrolls of blinking {unknown}
 m - 3 scrolls of amnesia
 p - 6 scrolls of teleportation
 r - 2 scrolls of vulnerability {unknown}
 s - 6 scrolls of enchant weapon
 H - 3 scrolls of magic mapping
 J - a scroll of fog
 L - 2 scrolls of torment {unknown}
 N - a scroll of poison {unknown}
 Q - a scroll of brand weapon {unknown}
 V - a scroll of immolation {unknown}
Potions
 g - 3 potions of ambrosia
 h - 2 potions of heal wounds
 l - 3 potions of resistance
 q - 3 potions of lignification
 u - a potion of flight
 w - 2 potions of attraction
 x - a potion of magic
 B - 2 potions of cancellation
 D - a potion of curing
 E - 6 potions of haste
 P - a potion of mutation {unknown}
 W - a potion of berserk rage {unknown}


   Skills:
 + Level 9.9 Fighting
 - Level 14.0 Short Blades
 - Level 6.8 Throwing
 + Level 10.6 Dodging
 - Level 7.1 Stealth
 * Level 12.3 Invocations


You had 12 spell levels left.
You didn't know any spells.
Your spell library contained the following spells:

 Spells                   Type           Power      Damage    Failure   Level
 Beastly Appendage        Tmut           0%         N/A       100%        1
 Magic Dart               Conj           0%         1d3       100%        1
 Call Imp                 Summ           0%         N/A       100%        2
 Ensorcelled Hibernation  Hex/Ice        0%         N/A       100%        2
 Searing Ray              Conj           0%         2d4       100%        2
 Wereblood                Tmut           0%         N/A       100%        2
 Mephitic Cloud           Conj/Pois/Air  0%         N/A       100%        3
 Spider Form              Tmut/Pois      0%         N/A       100%        3
 Anguish                  Hex/Necr       0%         N/A       100%        4
 Fulminant Prism          Conj/Hex       0%         3d6       100%        4
 Iskenderun's Mystic Bla  Conj/Tloc      0%         2d3       100%        4
 Lee's Rapid Deconstruct  Erth           0%         3d5*      100%        5


Dungeon Overview and Level Annotations

Branches:
Dungeon (13/15)            Temple (1/1) D:4            Lair (0/5) D:8
    Orc (0/2) D:12         Bailey (visited)
 Vaults: D:13-14

Altars:
Ashenzari
Cheibriados
Dithmenos
Elyvilon
Fedhas
Gozag
Hepliaklqana
Kikubaaqudgha
Makhleb
Nemelex Xobeh
Okawaru
Qazlal
Ru
Sif Muna
Trog
Uskayaw
Vehumet
Wu Jian
Xom
Yredelemnul
Zin
The Shining One

Shops:
D:7 =

Annotations:
D:6 3 runed translucent doors, javelincjr's ghost, amateur DsHW
D:12 2 transporters


Innate Abilities, Weirdness & Mutations

You are small and have problems with some larger weapons.
You are completely attuned to the shadows.


Message History

The meliai is heavily wounded.
The meliai misses you. The meliai barely misses you.
The meliai calls down the wrath of its god upon you.
Something smites you!
Unknown command.
You stomp with the beat, sending a shockwave through the revellers around you!
The meliai is almost dead.
You can no longer pass through a line of other dancers.
The meliai invokes the aid of its god against you.
Something smites you!
* * * LOW HITPOINT WARNING * * *
A slime creature comes into view.
The meliai calls down the wrath of its god upon you.
Something smites you!
* * * LOW HITPOINT WARNING * * *
You can now pass through a line of other dancers.
Okay, then.
You stomp with the beat, sending a shockwave through the revellers around you!
You kill the meliai!
You can no longer pass through a line of other dancers.
Okay, then.
Okay, then.
As you read the scroll of fear, it crumbles to dust.
You assume a fearsome visage.
The killer bee looks frightened! x3
A slime creature comes into view.
Two slime creatures merge to form a large slime creature.
As you read the scroll of fear, it crumbles to dust.
You assume a fearsome visage.
Nothing appears to happen.
The killer bee barely misses you. The killer bee closely misses you.
The killer bee barely misses you. x2
The killer bee attacks as you move away!
The killer bee misses you. The killer bee barely misses you.
As you read the scroll of fear, it crumbles to dust.
You assume a fearsome visage.
The slime creature looks frightened!
The slime creature resists with some effort.
The killer bee closely misses you.
The killer bee stings you but does no damage.
As you read the scroll of teleportation, it crumbles to dust.
You feel strangely unstable. The killer bee stings you.
You die...

.......+ ............
..^....# ##.........
.......# #######.#
#'###### #...####
###....# ####.# ##### ###
####'## ##+##...##$y #
......# #..@y.J..#:#y#
......######......#.#J''#
......'....#......J†J..J.
......####.'....#'''#.#.#
......# ###....#.#.#...
.....# ######().##.y.
.....# ##### ###


You could see 2 slime creatures and a killer bee.

Vanquished Creatures
  Gastronok (D:10)
  A boulder beetle (D:12)
  A hydra (D:7)
  A centaur warrior (D:13)
  2 two-headed ogres
  A deep elf pyromancer (D:12)
  An orc knight (Bailey)
  A manticore (D:12)
  An ugly thing (D:12)
  3 gargoyles
  2 unseen horrors
  A kobold demonologist (D:9)
  A meliai (D:13)
  4 trolls
  Grinder (D:6)
  4 slime creatures (D:12)
  12 yaks
  2 shadows
  3 wyverns
  A wraith (D:9)
  2 steam dragons
  A basilisk (D:12)
  12 vampire mosquitoes
  Menkaure (D:4)
  10 water moccasins
  An acid dragon (D:11)
  4 ice beasts
  2 black bears
  14 orc warriors
  A sky beast (D:7)
  5 ogres
  4 centaurs
  2 phantoms
  Blork the orc (D:6)
  3 kobold brigands (D:9)
  A bullfrog (D:6)
  A necrophage (D:6)
  2 gnoll sergeants
  A wight (D:7)
  15 killer bees
  7 howler monkeys
  A jelly (D:8)
  2 orc priests (D:10)
  4 hounds
  7 iguanas
  11 orc wizards
  Robin (D:3)
  17 gnolls
  8 adders
  A white imp (D:7)
  An ufetubus (D:4)
  5 worms
  2 dart slugs
  49 orcs
  3 ball pythons
  4 endoplasms
  4 giant cockroaches (D:1)
  46 goblins
  36 hobgoblins
  2 jackals (D:5)
  2 quokkas
  5 bats
  4 frilled lizards
  13 kobolds
  4 rats
366 creatures vanquished.

Vanquished Creatures (others)
  20 fungi (D:8)
  21 plants (D:8)
41 creatures vanquished.

Grand Total: 407 creatures vanquished

Notes
Turn   | Place    | Note
-------+----------+-------------------------------------------
     0 | D:1      | LustLizard the Kobold Brigand began the quest for the Orb.
     0 | D:1      | Reached XP level 1. HP: 12/12 MP: 1/1
   174 | D:1      | Reached skill level 3 in Short Blades
   231 | D:1      | Reached XP level 2. HP: 17/17 MP: 2/2
   690 | D:1      | Found a faded altar of an unknown god.
   926 | D:2      | Reached XP level 3. HP: 13/22 MP: 3/3
  1698 | D:2      | Reached XP level 4. HP: 27/27 MP: 4/4
  2043 | D:3      | Reached skill level 4 in Short Blades
  2373 | D:3      | Reached XP level 5. HP: 32/32 MP: 5/5
  2421 | D:3      | Noticed Robin
  3421 | D:3      | Found the +1 Delatra's gloves {ID++}
  3509 | D:3      | Reached XP level 6. HP: 27/37 MP: 6/6
  3617 | D:3      | Reached skill level 5 in Short Blades
  3711 | D:3      | Killed Robin
  4966 | D:4      | Noticed an ogre
  5296 | D:4      | Noticed Menkaure
  5300 | D:4      | Killed Menkaure
  5301 | D:4      | Reached skill level 6 in Short Blades
  5301 | D:4      | Reached XP level 7. HP: 42/42 MP: 7/7
  5585 | D:4      | Found a staircase to the Ecumenical Temple.
  5593 | Temple   | Entered the Ecumenical Temple
  5965 | Temple   | Became a worshipper of Uskayaw the Reveller
  6050 | D:4      | Noticed a water moccasin
  6053 | D:4      | Killed a water moccasin
  6053 | D:4      | Reached * piety under Uskayaw
  6206 | D:4      | Reached XP level 8. HP: 31/48 MP: 8/8
  6497 | D:4      | Reached skill level 7 in Short Blades
  6597 | D:5      | Entered Level 5 of the Dungeon
  6717 | D:5      | Reached ** piety under Uskayaw
  6726 | D:5      | Reached skill level 1 in Invocations
  6747 | D:5      | Reached *** piety under Uskayaw
  7086 | D:5      | Found a sacrificial altar of Ru.
  7529 | D:5      | Found a glowing silver altar of Zin.
  7564 | D:6      | Reached skill level 8 in Short Blades
  7592 | D:6      | Reached skill level 5 in Fighting
  7592 | D:6      | Reached skill level 5 in Throwing
  7592 | D:6      | Reached skill level 5 in Dodging
  7592 | D:6      | Reached XP level 9. HP: 36/54 MP: 11/11
  7995 | D:6      | Noticed Blork the orc
  8011 | D:6      | Killed Blork the orc
  8021 | D:6      | Reached **** piety under Uskayaw
  8033 | D:6      | Reached ***** piety under Uskayaw
  8040 | D:6      | Reached skill level 9 in Short Blades
  8331 | D:6      | Noticed Grinder
  8333 | D:6      | Killed Grinder
  8345 | D:6      | Found a runed translucent gate.
  8346 | D:6      | Found a runed translucent gate.
  8348 | D:6      | Found a runed translucent gate.
  8478 | D:6      | Noticed javelincjr's ghost (amateur DsHW)
  8576 | D:7      | Reached skill level 5 in Invocations
  8921 | D:7      | Noticed a five-headed hydra
  8929 | D:7      | Killed a five-headed hydra
  8930 | D:7      | Reached skill level 10 in Short Blades
  8930 | D:7      | Reached XP level 10. HP: 27/60 MP: 14/14
  9431 | D:7      | Noticed a six-headed hydra
  9607 | D:7      | Found Sagg's Jewellery Emporium.
  9862 | D:7      | Found an iron altar of Okawaru.
 10006 | D:8      | Found a flagged portal.
 10133 | D:8      | Found a staircase to the Lair.
 10136 | D:8      | Reached skill level 11 in Short Blades
 10177 | Bailey   | Entered a bailey
 10809 | Bailey   | Noticed an orc knight
 10975 | Bailey   | Reached XP level 11. HP: 67/67 MP: 16/16
 11058 | Bailey   | Killed an orc knight
 11611 | D:8      | Found a white marble altar of Elyvilon.
 11695 | D:8      | Reached skill level 12 in Short Blades
 12060 | D:8      | Found a basalt altar of Yredelemnul.
 12188 | D:9      | Found the +18 Lear's hauberk
 12625 | D:9      | Found a hazy altar of Hepliaklqana.
 13278 | D:10     | Entered Level 10 of the Dungeon
 13549 | D:10     | Reached skill level 13 in Short Blades
 13639 | D:10     | Noticed a two-headed ogre
 13682 | D:10     | Killed a two-headed ogre
 14257 | D:10     | Reached XP level 12. HP: 66/74 MP: 19/19
 14400 | D:10     | Noticed Gastronok
 14410 | D:10     | Killed Gastronok
 14411 | D:10     | Reached skill level 10 in Invocations
 14917 | D:7      | Bought the ring "Misaser" {+Blink AC+4} for 650 gold pieces
 15194 | D:11     | Noticed a two-headed ogre
 16130 | D:11     | Killed a two-headed ogre
 16131 | D:11     | Reached skill level 14 in Short Blades
 17103 | D:12     | Reached skill level 10 in Dodging
 17135 | D:12     | Noticed a boulder beetle
 17155 | D:12     | Killed a boulder beetle
 17373 | D:12     | Found a transporter.
 17461 | D:12     | Reached XP level 13. HP: 47/80 MP: 20/22
 17651 | D:12     | Found a staircase to the Orcish Mines.
 17805 | D:12     | Found a transporter.
 17934 | D:12     | Noticed a six-headed hydra
 17954 | D:12     | Noticed a catoblepas
 18134 | D:13     | Noticed a centaur warrior
 18143 | D:13     | Killed a centaur warrior
 18274 | D:13     | HP: 2/82 [meliai/divine providence (14)]
 18284 | D:13     | Slain by a killer bee

Illustrated notes

Levels and vault maps discovered:
D:1:      elethiomel_arrival_shortcut, layout_rooms,
          dreamdust_ecumenical_altar_hidden_monk_grotto
D:2:      layout_basic
D:3:      minmay_goblin_kobold_castle, layout_basic, pf_guarded_unrand_delatra,
          uniq_robin
D:4:      layout_basic, minmay_temple_entry_stoned_glass, uniq_menkaure
D:5:      layout_loops_ring, mainiacjoe_overflow_swirl, minmay_misc_feat_cross,
          st_stairs_2
D:6:      layout_gridville, biasface_ghost_orc_armoury, uniq_blork_the_orc,
          uniq_grinder
D:7:      minmay_opposing_rooms, layout_gridville, mainiacjoe_overflow_alcove_1,
          chequers_serial_rivers_small_3, chequers_serial_rivers_room_b,
          minmay_shop_enchanted_jewellery
D:8:      layout_loops_ring, kennysheep_ying_yang, due_lair_maze_entry_diamond,
          enter_bailey_5
D:9:      layout_basic, nzn_hepliaklqana_mist_gate, due_unseen_surprise
D:10:     minmay_distorted_concentric_squares, layout_basic, uniq_gastronok
D:11:     layout_long_grid
D:12:     layout_loops_ring, david_orc_2, gammafunk_ghost_berserking_beasts
D:13:     layout_roguey, grunt_vaults_entry_tiered, eino_jars
Temple:   lightli_temple_of_artemis

Skill      XL: |  1  2  3  4  5  6  7  8  9 10 11 12 |
---------------+-------------------------------------+-----
Short Blades   | 3 4 6 8 10 11 13 14 | 14.0
Dodging        | 2 3 4 5 6 7 8 10 | 10.6
Throwing       | 3 4 5 6 |  6.8
Fighting       | 3 4 5 6 7 8 9 |  9.9
Stealth        | 6 7 |  7.1
Invocations    | 3 6 7 9 12 | 12.3

Action                   |  1- 3 |  4- 6 |  7- 9 | 10-12 | 13-15 || total
-------------------------+-------+-------+-------+-------+-------++-------
Melee: Dagger            |    91 |   303 |   151 |       |       ||   545
       Punch             |     1 |     3 |     3 |    10 |       ||    17
       Short sword       |       |       |   174 |   731 |    60 ||   965
       Rapier            |       |       |       |    17 |       ||    17
Throw: Dart              |       |     7 |     9 |    23 |       ||    39
       Stone             |       |     3 |       |       |       ||     3
Invok: Stomp             |       |       |     2 |     5 |     6 ||    13
       Line Pass         |       |       |       |     1 |       ||     1
       Grand Finale      |       |       |       |       |     1 ||     1
Evoke: Wand              |       |       |       |     2 |       ||     2
  Use: Scroll            |       |     6 |     1 |    10 |     6 ||    23
       Potion            |       |       |     1 |     1 |       ||     2
 Stab: Sleeping          |    12 |    24 |    16 |    22 |       ||    74
       Distracted        |     1 |     5 |       |     4 |       ||    10
       Paralysed         |       |       |     5 |    37 |     3 ||    45
       Invisible         |       |       |       |     2 |       ||     2
Armor: Robe              |     7 |       |       |       |       ||     7
       Leather armour    |     9 |    51 |    57 |       |       ||   117
       Steam dragon scal |       |       |    14 |    15 |       ||    29
       Chain mail        |       |       |       |   267 |    63 ||   330
Dodge: Dodged            |    39 |   187 |   182 |   364 |    50 ||   822
